 Dungeon Crawl Stone Soup version 0.24.0-125-gc4c63601f3 (webtiles) character file.

Game seed: 15258121624404875743, levelgen mode: deterministic

471 Jynx the Basher (level 6, -3/51 HPs)
             Began as a Minotaur Fighter on Feb 11, 2020.
             Slain by an ogre
             ... wielding a +0 giant spiked club
              (30 damage)
             ... on level 5 of the Dungeon on Feb 17, 2020.
             The game lasted 00:05:50 (3125 turns).

Jynx the Basher (Minotaur Fighter)                  Turns: 3125, Time: 00:05:51

Health: -3/51      AC:  9    Str: 20    XL:     6   Next: 83%
Magic:  5/5        EV: 12    Int:  5    God:
Gold:   185        SH:  0    Dex: 12    Spells: 5/5 levels left

rFire    . . .     SeeInvis .   a - +2 flail
rCold    . . .     Gourm    .   (no shield)
rNeg     . . .     Faith    .   b - +1 scale mail
rPois    .         Spirit   .   (helmet restricted)
rElec    .         Reflect  .   (no cloak)
rCorr    .         Harm     .   i - +0 pair of gloves
MR       .....                  (no boots)
Stlth    ..........             (no amulet)
HPRegen  0.17/turn              l - +3 ring of evasion
MPRegen  0.09/turn              (no ring)

@: no status effects
A: retaliatory headbutt, horns 2
a: no special abilities


You were on level 5 of the Dungeon.
You were not hungry.

You visited 1 branch of the dungeon, and saw 5 of its levels.

You collected 185 gold pieces.

Inventory:

Hand Weapons
 a - a +2 flail (weapon)
 s - a +0 morningstar
Armour
 b - a +1 scale mail (worn)
 c - a +0 shield
 i - a +0 pair of gloves (worn)
Jewellery
 l - a +3 ring of evasion (left hand)
 p - an uncursed ring of ice
Wands
 m - a wand of flame (8)
 r - a wand of polymorph (5)
Scrolls
 g - 2 scrolls of amnesia
 n - 2 scrolls of remove curse
Potions
 d - a potion of might
 e - a potion of degeneration
 h - 3 potions of mutation
 j - 2 potions of cancellation
 k - a potion of berserk rage
 o - a potion of haste
 t - a potion of magic {unknown}
Comestibles
 f - 5 rations


   Skills:
 - Level 3.6 Fighting
 + Level 9.0 Maces & Flails
 - Level 3.6 Armour
 - Level 3.6 Shields


You had 5 spell levels left.
You didn't know any spells.
Your spell library contained the following spells:

 Spells                   Type           Power        Failure   Level  Hunger
 Magic Dart               Conj           #...         83%         1    ##.....
 Searing Ray              Conj           #.....       92%         2    ###....
 Dazzling Spray           Conj/Hex       #.....       99%         3    ####...
 Force Lance              Conj/Tloc      #.......     100%        4    #####..
 Fulminant Prism          Conj/Hex       #.........   100%        4    #####..
 Iskenderun's Mystic Bla  Conj           #.......     100%        4    #####..


Dungeon Overview and Level Annotations

Branches:
Dungeon (5/15)
 Temple: D:4-7

Altars:
Dithmenos
Ru

Shops:
D:4 (   D:5 (


Innate Abilities, Weirdness & Mutations

You reflexively headbutt those who attack you in melee.
You have a pair of horns on your head.


Message History

The ogre shouts!
Okay, then.
Sorry, you're not good enough to have a special ability.
The ogre hits you with a +0 giant spiked club!
You thump the ogre!
The ogre is moderately wounded.
The ogre hits you with a +0 giant spiked club.
You hit the ogre.
The ogre is heavily wounded.
The ogre misses you.
You sock the ogre!
The ogre is severely wounded.
You completely miss the ogre.
The ogre is severely wounded.
The ogre hits you with a +0 giant spiked club!
You hit the ogre. Your headbutt misses the ogre.
The ogre is almost dead.
The ogre hits you with a +0 giant spiked club!!
Ouch! That really hurt!
You die...

# ############## ####
......O@.....# ##...
....########.####
##.### # ###.........#
#.## #
#..<.....##.###.# #
#.....#.#...........##
# #.#..
#.#.#..#######.### ...
.).##########≈.... #.#
##..#≈≈........≈### #
#..#≈_.≈.≈.≈.≈..##


You could see an ogre.

Vanquished Creatures
  A water moccasin (D:5)
  An ogre (D:4)
  A hound (D:4)
  Jessica (D:2)
  3 worker ants
  3 adders
  10 oozes
  2 worms
  A dart slug (D:2)
  4 leopard geckos
  4 orcs
  10 giant cockroaches
  4 goblins
  6 hobgoblins
  3 jackals
  3 kobolds
  A quokka (D:4)
  A ball python (D:3)
  6 bats
  8 frilled lizards
  6 rats
79 creatures vanquished.

Notes
Turn   | Place    | Note
-------+----------+-------------------------------------------
     0 | D:1      | Jynx the Minotaur Fighter began the quest for the Orb.
     0 | D:1      | Reached XP level 1. HP: 19/19 MP: 0/0
     3 | D:1      | Found a runed translucent door.
   271 | D:1      | Reached skill level 3 in Maces & Flails
   302 | D:1      | Reached XP level 2. HP: 26/26 MP: 1/1
   593 | D:1      | Reached skill level 4 in Maces & Flails
   601 | D:1      | Reached XP level 3. HP: 30/31 MP: 2/2
   613 | D:1      | Reached skill level 5 in Maces & Flails
   622 | D:1      | Reached XP level 4. HP: 30/39 MP: 3/3
   880 | D:2      | Found a shadowy altar of Dithmenos.
  1228 | D:2      | Noticed Jessica
  1244 | D:2      | Killed Jessica
  1244 | D:2      | Reached skill level 6 in Maces & Flails
  1732 | D:3      | Upgraded the game from 0.24.0-123-gd5b16e6ec5 to
                  | 0.24.0-125-gc4c63601f3
  1825 | D:3      | Reached XP level 5. HP: 42/45 MP: 4/4
  1984 | D:4      | Found Evvofatu's Weapon Emporium.
  2024 | D:4      | Reached skill level 7 in Maces & Flails
  2034 | D:4      | Noticed an ogre
  2041 | D:4      | Killed an ogre
  2041 | D:4      | Reached XP level 6. HP: 30/51 MP: 5/5
  2434 | D:4      | Reached skill level 8 in Maces & Flails
  2773 | D:5      | Entered Level 5 of the Dungeon
  2795 | D:5      | Found Lecism's Antique Weapon Shop.
  2808 | D:5      | Noticed a water moccasin
  2819 | D:5      | Killed a water moccasin
  2821 | D:5      | Reached skill level 9 in Maces & Flails
  3100 | D:5      | Found a sacrificial altar of Ru.
  3125 | D:5      | Slain by an ogre

Levels and vault maps discovered:
D:1:      dpeg_arrival_caged_fury, layout_rooms
D:2:      layout_basic, overflow_temple_1_default, first_ration, uniq_jessica
D:3:      layout_rooms
D:4:      layout_loops_ring, serial_shops, shop
D:5:      layout_loops_ring, nicolae_ru_path_of_blood, marbit_many_paths,
          kiku_gazebo_garden_becter, serial_shops, nicolae_shop_stone,
          minmay_misc_feat_secret_circle, corner_web_ring

Skill      XL: |  1  2  3  4  5  6 |
---------------+-------------------+-----
Maces & Flails | 3 4 5 6 7 9 |  9.0
Fighting       | |  3.6
Armour         | |  3.6
Shields        | |  3.6

Action                   |  1- 3 |  4- 6 || total
-------------------------+-------+-------++-------
Melee: Flail             |    64 |   110 ||   174
       Headbutt          |    15 |    17 ||    32
  Use: Scroll            |       |    15 ||    15
       Potion            |       |     1 ||     1
  Eat: Chunk             |       |     7 ||     7
Armor: Scale mail        |    34 |    38 ||    72
Dodge: Dodged            |    31 |    64 ||    95
